 Dungeon Crawl Stone Soup version 0.28.0 (webtiles) character file.

Game seed: 489804276848700693

10395 zazu2006 the Thaumaturge (level 11, -3/91 HPs)
             Began as a Naga Hedge Wizard on Feb 12, 2022.
             Was an Elder of Vehumet.
             Slain by a boulder beetle (17 damage)
             ... on level 9 of the Dungeon.
             The game lasted 00:33:46 (13776 turns).

zazu2006 the Thaumaturge (Naga Hedge Wizard)       Turns: 13776, Time: 00:33:47

Health: -3/91      AC: 10    Str: 14    XL:     11   Next: 61%
Magic:  6/32       EV: 10    Int: 24    God:    Vehumet [****..]
Gold:   568        SH:  0    Dex:  5    Spells: 9/26 levels left

rFire   + . .      SeeInvis +   g - +0 falchion (freeze)
rCold   . . .      Faith    .   (no shield)
rNeg    + + +      Spirit   .   F - +0 steam dragon scales
rPois   +          Reflect  .   v - +0 helmet
rElec   +          Harm     .   (no cloak)
rCorr   .          Rampage  .   E - +1 pair of gloves
Will    +....                   (no barding)
Stlth   +++.......              (no amulet)
HPRegen 0.25/turn               t - ring "Vuxuti" {rF+ rN+++ Int+6 Dex-5 Slay+2}
MPRegen 0.23/turn               x - ring of magical power

@: mighty, very slow
A: AC +3, large, see invisible, deformed body, poison resistance, slowness 2,
spit poison 1, naga tail 1, electricity resistance
a: Spit Poison, Renounce Religion


You were on level 9 of the Dungeon.
You worshipped Vehumet.
Vehumet was greatly pleased with you.
You visited 1 branch of the dungeon, and saw 9 of its levels.
You also visited: Sewer.

You collected 618 gold pieces.
You spent 50 gold pieces at shops.

Inventory:

Hand Weapons
 g - a +0 falchion of freezing (weapon)
 k - a +1 short sword of draining
 n - a +1 dagger of holy wrath
Missiles
 i - 2 throwing nets
Armour
 b - a +3 ring mail of fire resistance
 v - a +0 helmet (worn)
 E - a +1 pair of gloves (worn)
 F - +0 steam dragon scales (worn)
Magical Staves
 C - a staff of fire
Jewellery
 r - a ring of willpower
 t - the ring "Vuxuti" (left hand) {rF+ rN+++ Int+6 Dex-5 Slay+2}
   (You found it on level 4 of the Dungeon)

   [ring of intelligence]

   Int:       It affects your intelligence (+6).
   Dex:       It affects your dexterity (-5).
   Slay:      It affects your accuracy & damage with ranged weapons and melee
   (+2).
   rF:        It protects you from fire.
   rN:        It renders you almost immune to negative energy.
 x - a ring of magical power (right hand)
 z - a ring of resist corrosion
Wands
 c - a wand of acid (1)
 f - a wand of flame (21)
 o - a wand of mindburst (17)
 y - a wand of iceblast (4)
 G - a wand of charming (8)
Scrolls
 d - 9 scrolls of teleportation
 e - a scroll of acquirement {unknown}
 l - 3 scrolls of fear
 m - a scroll of magic mapping
 u - a scroll of immolation {unknown}
 w - 2 scrolls of identify
Potions
 a - 2 potions of attraction
 h - 2 potions of haste
 j - a potion of mutation
 p - a potion of invisibility
 q - a potion of cancellation {unknown}
 s - 5 potions of brilliance {unknown}
 A - 4 potions of curing
 D - a potion of resistance {unknown}
 H - a potion of might
 I - a potion of lignification {unknown}


   Skills:
 + Level 3.9 Fighting
 + Level 7.5 Long Blades
 + Level 3.2 Armour
 + Level 4.8 Dodging
 + Level 6.3 Stealth
 + Level 8.3 Spellcasting
 + Level 7.5 Conjurations
 + Level 1.0 Summonings
 + Level 1.5 Translocations
 + Level 1.6 Fire Magic
 + Level 3.6 Air Magic
 + Level 2.0 Earth Magic
 + Level 7.6 Poison Magic
 + Level 0.7 Evocations


You had 9 spell levels left.
You knew the following spells:

 Your Spells              Type           Power      Damage    Failure   Level
a - Magic Dart            Conj           100%       1d8       1%          1
b - Mephitic Cloud        Conj/Pois/Air  40%        N/A       1%          3
c - Conjure Flame         Conj/Fire      31%        6-21      1%          3
d - Blink                 Tloc           34%        N/A       4%          2
e - Fireball              Conj/Fire      15%        3d8       7%          5
f - Stone Arrow           Conj/Erth      66%        3d11      1%          3

Your spell library contained the following spells:

 Spells                   Type           Power      Damage    Failure   Level
 Foxfire                  Conj/Fire      100%       2x1d9     1%          1
 Freeze                   Ice            40%        1d6       1%          1
 Spider Form              Tmut/Pois      28%        N/A       4%          3
 Slow                     Hex            40%        N/A       6%          1
 Call Imp                 Summ           14%        N/A       6%          2
 Ensorcelled Hibernation  Hex/Ice        20%        N/A       10%         2
 Anguish                  Hex/Necr       5%         N/A       52%         4


Dungeon Overview and Level Annotations

Branches:
Dungeon (9/15)             Temple (0/1) D:5           Sewer (visited)
   Lair: D:8-11         Orc: D:9-12

Altars:
Fedhas
Ru
Vehumet
Yredelemnul

Shops:
D:1 (*(=   D:3 *   D:9 *


Innate Abilities, Weirdness & Mutations

Your serpentine skin is tough. (AC +3)
You have supernaturally acute eyesight. (SInv)
Armour fits poorly on your strangely shaped body.
Your system is resistant to poisons. (rPois)
You cover ground very slowly.
You can spit poison.
You have a snake-like lower body.
You are resistant to electric shocks. (rElec)


Message History

Unknown command.
The boulder beetle is engulfed in noxious fumes.
The boulder beetle appears confused.
Aiming: Spit Poison (1% risk of failure)
Press: ? - help, Shift-Dir - straight line, f/p - boulder beetle
Aim: a boulder beetle (noxious fumes, heavily wounded, confused, 100% to hit)
The splash of poison hits the boulder beetle!
The boulder beetle is heavily wounded.
The boulder beetle is engulfed in noxious fumes.
Unknown command.
Casting: Mephitic Cloud (safe; 1% risk of failure)
Confirm with . or Enter, or press ? or * to list all spells.
You blink.
Casting: Blink (safe; 4% risk of failure)
Confirm with . or Enter, or press ? or * to list all spells.
Aiming: Mephitic Cloud (safe; 1% risk of failure)
Press: ? - help, Shift-Dir - straight line The ball explodes into a vile cloud!
Unknown command.
Unknown command.
You have got your breath back.
The boulder beetle is engulfed in noxious fumes. x2
Casting: Mephitic Cloud (safe; 1% risk of failure)
Confirm with . or Enter, or press ? or * to list all spells.
Aiming: Mephitic Cloud (safe; 1% risk of failure)
Press: ? - help, Shift-Dir - straight line, f - boulder beetle
Aim: a boulder beetle (severely wounded, rolling, chance to affect: 43%)
The ball explodes into a vile cloud!
The stinking cloud engulfs the boulder beetle but does no damage.
The boulder beetle is severely wounded.
You feel stable enough to blink again.
The boulder beetle is engulfed in noxious fumes.
The boulder beetle appears confused.
The boulder beetle is engulfed in noxious fumes.
The boulder beetle appears confused.
Unknown command.
The boulder beetle stops rolling and uncurls.
The boulder beetle is engulfed in noxious fumes.
The boulder beetle appears confused.
The boulder beetle bites you!
You die...

...#.## ##.#.## #
......#####.....# #
...###.#........## ##
## ...# ##..##......##
#e# ###. ...#
#...##.....##. #.##.##.
.>## ##...##......#..
#...#..
##.###........#...##.#
##B##.#
......##..###.##...##.#
##p##..# #####.##..#
#.##@B§###.###.###... #
#.##..# #.####○.#
#.#.###..## #####.##..#
#.# ##○## #°####.###
...##.....# #.# #○○#
#B# #..##. ##.#####..#
#.# ##°###°###..[.#
#.........# #.#
#°.##)##..###.
#..######.###.#
##.##.##.## ##
#.............#
#..#B#..# #
........#.#####
##.#○#.## #


You could see a boulder beetle (confused).

Vanquished Creatures
  A boulder beetle (D:9)
  A centaur warrior (D:9)
  A death knight (D:9)
  Pikel (D:7)
  A deep elf pyromancer (D:9)
  Maggie (D:8)
  An unseen horror (D:9)
  A meliai (D:9)
  A hornet (D:8)
  A wyvern (D:9)
  16 yaks (D:9)
  2 steam dragons
  Edmund (D:4)
  Duvessa (D:4)
  Pargi (Sewer)
  4 orc warriors
  A sky beast (D:5)
  A black bear (D:4)
  3 ice beasts
  A necrophage (D:7)
  2 ogres (D:5)
  3 centaurs
  A lemure (D:7)
  Blork the orc (D:6)
  A wyvern zombie (D:8)
  2 gnoll sergeants
  3 scorpions
  Dowan (D:4)
  A water moccasin skeleton (D:5)
  4 wights (D:8)
  3 howler monkeys (D:5)
  2 bullfrog zombies
  2 centaur zombies (D:6)
  3 hounds
  2 jellies
  8 orc priests
  3 gnoll shamans
  3 iguanas
  2 scorpion zombies (D:5)
  Natasha (thrice) (D:4)
  Terence (D:2)
  10 orc wizards
  Robin (D:2)
  30 gnolls
  9 adders
  2 shadow imps (D:5)
  A white imp (D:7)
  3 worms (D:5)
  A dart slug (D:1)
  47 orcs
  8 bats
  9 endoplasms
  2 giant cockroaches
  10 hobgoblins
  8 jackals (D:5)
  8 quokkas
  3 ball pythons
  5 frilled lizards
  13 goblins
  11 kobolds
  6 rats
279 creatures vanquished.

Vanquished Creatures (others)
  2 fungi (D:5)
  2 plants (D:5)
4 creatures vanquished.

Grand Total: 283 creatures vanquished

Notes
Turn   | Place    | Note
-------+----------+-------------------------------------------
     0 | D:1      | zazu2006 the Naga Hedge Wizard began the quest for the Orb.
     0 | D:1      | Reached XP level 1. HP: 15/15 MP: 4/4
   196 | D:1      | Found Luitidedd's Assorted Antiques.
   217 | D:1      | Reached XP level 2. HP: 22/22 MP: 4/6
   548 | D:1      | Found Folykk's Antique Weapon Boutique.
   835 | D:1      | Reached XP level 3. HP: 21/28 MP: 5/8
   839 | D:1      | Learned a level 3 spell: Mephitic Cloud
   843 | D:1      | Learned a level 3 spell: Conjure Flame
   846 | D:1      | Learned a level 2 spell: Blink
  1198 | D:1      | Found Cublairgh's Weapon Shoppe.
  1204 | D:1      | Found Qussog's Jewellery Boutique.
  1345 | D:2      | Reached skill level 1 in Poison Magic
  1414 | D:2      | Reached skill level 4 in Spellcasting
  1516 | D:2      | Reached XP level 4. HP: 36/36 MP: 3/10
  1903 | D:2      | Noticed Robin
  2018 | D:2      | Killed Robin
  2114 | D:2      | Reached XP level 5. HP: 42/42 MP: 5/11
  2385 | D:2      | Noticed Terence
  2400 | D:2      | Killed Terence
  2537 | D:3      | Found a radiant altar of Vehumet.
  2539 | D:3      | Became a worshipper of Vehumet
  2778 | D:3      | Found Fupseun's General Store.
  2781 | D:3      | Bought a scroll of identify for 24 gold pieces
  3911 | D:4      | Noticed Natasha
  3924 | D:4      | Killed Natasha
  3925 | D:4      | Reached XP level 6. HP: 35/50 MP: 5/13
  3927 | D:4      | Identified the ring "Vuxuti" {rF+ rN+++ Int+6 Dex-5 Slay+2}
  4160 | D:4      | Found a blossoming altar of Fedhas.
  4204 | D:4      | Noticed Natasha
  4207 | D:4      | Killed Natasha
  4244 | D:4      | Noticed Natasha
  4249 | D:4      | Killed Natasha
  4334 | D:4      | Noticed a black bear
  4340 | D:4      | Noticed Edmund
  4614 | D:4      | Noticed Dowan
  4616 | D:4      | Noticed Duvessa
  4655 | D:4      | Killed Dowan
  4812 | D:4      | Killed a black bear
  4813 | D:4      | Reached skill level 1 in Armour
  4821 | D:4      | Killed Duvessa
  4822 | D:4      | Reached skill level 1 in Air Magic
  4822 | D:4      | Reached XP level 7. HP: 13/56 MP: 4/14
  5065 | D:4      | Killed Edmund
  5066 | D:4      | Reached skill level 5 in Spellcasting
  5230 | D:5      | Entered Level 5 of the Dungeon
  5266 | D:5      | Reached skill level 1 in Fighting
  5266 | D:5      | Reached skill level 1 in Long Blades
  5286 | D:5      | Reached * piety under Vehumet
  5286 | D:5      | Offered knowledge of Shock by Vehumet.
  5380 | D:5      | Reached XP level 8. HP: 28/64 MP: 11/15
  5489 | D:5      | Found a glowing drain.
  5514 | Sewer    | Entered a sewer
  5876 | Sewer    | Noticed Pargi
  5893 | Sewer    | Killed Pargi
  6356 | D:5      | Gained mutation: You are resistant to electric shocks.
                  | (rElec) [potion of mutation]
  6363 | D:5      | Reached skill level 5 in Poison Magic
  6638 | D:5      | Offered knowledge of Static Discharge by Vehumet.
  6651 | D:5      | Reached ** piety under Vehumet
  6807 | D:5      | Identified the +4 whip "Juplex" {flame, MP-9 Str+9 Dex-2
                  | SInv}
  7502 | D:5      | Offered knowledge of Inner Flame by Vehumet.
  7509 | D:5      | Found a sacrificial altar of Ru.
  7664 | D:5      | Reached XP level 9. HP: 73/73 MP: 6/17
  7871 | D:5      | Reached *** piety under Vehumet
  8029 | D:5      | Reached skill level 6 in Spellcasting
  8574 | D:5      | Found a staircase to the Ecumenical Temple.
  9051 | D:6      | Noticed Blork the orc
  9061 | D:6      | Killed Blork the orc
  9338 | D:6      | Found a basalt altar of Yredelemnul.
  9733 | D:6      | Offered knowledge of Hailstorm by Vehumet.
 10180 | D:7      | Noticed Pikel
 10203 | D:7      | Reached skill level 5 in Conjurations
 10231 | D:7      | Killed Pikel
 10420 | D:7      | Reached skill level 5 in Long Blades
 10420 | D:7      | Reached XP level 10. HP: 59/81 MP: 15/19
 11548 | D:8      | Reached **** piety under Vehumet
 11552 | D:8      | Noticed Maggie
 11623 | D:8      | Killed Maggie
 11624 | D:8      | Reached skill level 7 in Spellcasting
 11841 | D:8      | Offered knowledge of Fireball by Vehumet.
 11979 | D:8      | Got the Reference Book on Snow and Attacks
 11986 | D:8      | Learned a level 5 spell: Fireball
 11990 | D:8      | Learned a level 3 spell: Stone Arrow
 12463 | D:9      | Reached skill level 1 in Fire Magic
 12469 | D:9      | Found Bitim's General Store.
 12630 | D:9      | Bought a scroll of identify for 26 gold pieces
 12682 | D:9      | Noticed an unseen horror
 12689 | D:9      | Killed an unseen horror
 12803 | D:9      | Reached skill level 1 in Earth Magic
 12818 | D:9      | Reached skill level 5 in Stealth
 13010 | D:9      | Reached XP level 11. HP: 48/90 MP: 22/22
 13260 | D:9      | Reached skill level 8 in Spellcasting
 13715 | D:9      | Noticed a boulder beetle
 13716 | D:9      | Noticed a deep elf pyromancer
 13722 | D:9      | Noticed a death knight
 13722 | D:9      | Noticed a boulder beetle
 13723 | D:9      | Identified the ring of Makuv {Fly rPois rF+ rC++ Dex-2}
 13728 | D:9      | Killed a deep elf pyromancer
 13735 | D:9      | Noticed a boulder beetle
 13741 | D:9      | Identified the ring "Peneru" {rF+ Will+ Int+4}
 13741 | D:9      | Noticed a centaur warrior
 13743 | D:9      | Killed a boulder beetle
 13753 | D:9      | Killed a death knight
 13755 | D:9      | Killed a centaur warrior
 13776 | D:9      | Slain by a boulder beetle

Illustrated notes

Levels and vault maps discovered:
D:1:      shiori_arrival_oz, layout_rooms, serial_shops, shop_coins,
          shop_statue, shop, nicolae_shop_temple_entry_statues_fountains,
          minmay_unequal
D:2:      layout_rooms, dk_vineyard_3, uniq_robin, uniq_terence
D:3:      layout_rooms, overflow_temple_1_default, serial_shops,
          nicolae_shop_behind_doors, serial_rivers,
          chequers_serial_rivers_large_a, chequers_serial_rivers_room_a,
          chequers_serial_rivers_micro_b, chequers_serial_rivers_micro_b,
          chequers_serial_rivers_small_3, minmay_close_crescents
D:4:      layout_loops_cross, mainiacjoe_overflow_brackets, uniq_duvessa,
          uniq_natasha, uniq_edmund
D:5:      lemuel_castle_with_subvaults [lemuel_castle_interior_carwin_3],
          layout_layer_cave, nicolae_ru_sacrificial_ziggurat,
          lemuel_temple_firewalk_a, cheibrodos_sewer_entry_sluice, st_stairs_9
D:6:      layout_loops_corners, kennysheep_mini, uniq_blork_the_orc
D:7:      layout_basic, uniq_pikel
D:8:      layout_loops_ring, uniq_maggie
D:9:      minmay_the_grid_triangle_9x9_recursive_2_mashed
          [minmay_the_grid_triangle_9x9_prize_special,
          minmay_the_grid_triangle_9x9_tough_junction,
          minmay_the_grid_triangle_9x9_fully_insulated_deathbox,
          minmay_the_grid_triangle_9x9_minimal], layout_loops_ring,
          serial_shops, nicolae_stop_n_shop_2

Skill      XL: |  1  2  3  4  5  6  7  8  9 10 11 |
---------------+----------------------------------+-----
Poison Magic   | 1 2 3 4 6 7 |  7.6
Spellcasting   | 4 5 6 7 8 |  8.3
Conjurations   | 2 3 4 5 7 |  7.5
Dodging        | 2 3 4 |  4.8
Armour         | 1 2 3 |  3.2
Air Magic      | 1 2 3 |  3.6
Fighting       | 1 2 3 |  3.9
Long Blades    | 1 2 5 6 7 |  7.5
Stealth        | 4 5 6 |  6.3
Fire Magic     | 1 |  1.6
Earth Magic    | 1 2 |  2.0
Summonings     | |  1.0
Translocations | |  1.5
Evocations     | |  0.7

Action                   |  1- 3 |  4- 6 |  7- 9 | 10-12 || total
-------------------------+-------+-------+-------+-------++-------
Melee: Dagger            |     8 |       |       |       ||     8
       Short sword       |     2 |    27 |       |       ||    29
       Falchion          |       |    38 |   228 |   126 ||   392
       Punch             |       |     1 |     1 |     1 ||     3
 Cast: Magic Dart        |    78 |   130 |   255 |   111 ||   574
       Mephitic Cloud    |       |     6 |    29 |    39 ||    74
       Conjure Flame     |       |     2 |     2 |    11 ||    15
       Blink             |       |     1 |     2 |     1 ||     4
       Stone Arrow       |       |       |       |     7 ||     7
 Abil: Spit Poison       |    16 |    15 |    27 |    32 ||    90
Evoke: Wand              |       |     1 |       |     7 ||     8
  Use: Scroll            |       |     3 |     3 |     2 ||     8
       Potion            |       |       |     4 |     3 ||     7
 Stab: Confused          |       |       |     6 |     7 ||    13
       Invisible         |       |       |     1 |       ||     1
       Sleeping          |       |       |     1 |       ||     1
Armor: Robe              |     9 |     3 |       |       ||    12
       Leather armour    |       |    21 |   108 |     6 ||   135
       Steam dragon scal |       |       |       |    16 ||    16
Dodge: Dodged            |     6 |    34 |   162 |    74 ||   276
